 Dungeon Crawl Stone Soup version 0.28.0-45-g0d030f2227 (webtiles) character file.

Game seed: 11252739458277048291

46 pkoi the Chiller (level 3, 0/26 HPs)
             Began as a Demigod Ice Elementalist on Apr 22, 2022.
             Slain by a gnoll
             ... wielding a +0 halberd
              (8 damage)
             ... on level 2 of the Dungeon.
             The game lasted 00:03:45 (2405 turns).

pkoi the Chiller (Demigod Ice Elementalist)         Turns: 2405, Time: 00:03:46

Health: 0/26       AC:  3    Str:  9    XL:     3   Next: 27%
Magic:  6/8        EV: 12    Int: 21    God:
Gold:   73         SH:  0    Dex: 14    Spells: 1/5 levels left

rFire   . . .      SeeInvis .   e - +0 whip
rCold   . . .      Faith    .   (no shield)
rNeg    . . .      Spirit   .   a - +0 robe
rPois   .          Reflect  .   (no helmet)
rElec   .          Harm     .   d - +0 cloak
rCorr   .          Rampage  .   (no gloves)
Will    .....                   (no boots)
Stlth   ++........              (no amulet)
HPRegen 0.08/turn               (no ring)
MPRegen 0.11/turn               (no ring)

@: no status effects
A: high MP 1, forlorn, divine attributes
a: no special abilities


You were on level 2 of the Dungeon.
You visited 1 branch of the dungeon, and saw 2 of its levels.

You collected 73 gold pieces.

Inventory:

Hand Weapons
 e - a +0 whip (weapon)
Missiles
 b - 16 arrows
Armour
 a - a +0 robe (worn)
 d - a +0 cloak (worn)
Jewellery
 h - a ring of poison resistance
Scrolls
 g - a scroll of magic mapping {unknown}
 i - a scroll of holy word {unknown}
 k - a scroll of teleportation {unknown}
Potions
 c - a potion of attraction {unknown}
 f - a potion of resistance {unknown}
 j - a potion of degeneration {unknown}


   Skills:
 - Level 1.7 Dodging
 - Level 1.7 Stealth
 - Level 1.7 Spellcasting
 + Level 4.8 Ice Magic


You had one spell level left.
You knew the following spells:

 Your Spells              Type           Power      Damage    Failure   Level
a - Freeze                Ice            88%        1d10      1%          1
b - Frozen Ramparts       Ice            44%        1d6       6%          3

Your spell library contained the following spells:

 Spells                   Type           Power      Damage    Failure   Level
 Animate Skeleton         Necr           2%         N/A       16%         1
 Pain                     Necr           4%         1d4       16%         1
 Ozocubu's Armour         Ice            22%        N/A       6%          3
 Vampiric Draining        Necr           1%         2d6       41%         3
 Hailstorm                Conj/Ice       12%        3d5       50%         4


Dungeon Overview and Level Annotations

Branches:
Dungeon (2/15)

Shops:
D:1 [


Innate Abilities, Weirdness & Mutations

You have an increased reservoir of magic. (+10% MP)
You shall have no god before yourself.
Your divine heritage dramatically boosts your attributes as you level up.


Message History

There is an open door here.
There is an open door here.
Found a short sword.
Found 4 poisoned darts.
You now have 73 gold pieces (gained 11).
Found a stone staircase leading down.
A gnoll comes into view. It is wielding a +0 halberd.
A gnoll is nearby!
A gnoll is nearby!
A gnoll is nearby!
A gnoll comes into view. It is wielding a +0 club.
The gnoll shouts!
A gnoll comes into view. It is wielding a +0 spear.
The gnoll shouts!
There is a stone staircase leading up here.
You climb upwards.
There is a stone staircase leading down here.
This spell is quite dangerous to cast!
Memorise Frozen Ramparts, consuming 3 spell levels and leaving 1?
You start memorising the spell.
You continue memorising. x3
You finish memorising.
Spell assigned to 'b'.
You climb downwards.
The gnoll hits you with a +0 halberd!
* * * LOW HITPOINT WARNING * * *
There is a stone staircase leading up, spattered with blood here.
You are too injured to fight recklessly!
You are too injured to fight recklessly!
Aiming: Freeze (safe; 1% risk of failure)
Press: ? - help, Q - select action Shift-Dir - straight line, f - gnoll
Aim: a gnoll, wielding a +0 halberd You freeze the gnoll!
The gnoll is heavily wounded.
The gnoll hits you with a +0 halberd!
* * * LOW HITPOINT WARNING * * *
Aiming: Freeze (safe; 1% risk of failure)
Press: ? - help, Q - select action Shift-Dir - straight line, f/p - gnoll
Aim: a gnoll, wielding a +0 halberd (heavily wounded)
You freeze the gnoll.
The gnoll is almost dead.
The gnoll hits you with a +0 halberd!
You die...

#...........#g##.#####.#....#####
#...........#.##.# #.#g........
#...........#g##.# #g#...######
............#.##g# #.#.g.#
............#.##.#####.#...#
............#.##.#.g.g.#...#
..####+######..g.#.#####...#
..####.######..###g#.###...#
..#............#@g.....#.g.#
..#.##.#######.#.....#.#
..#.#..........#.#.#.#
..#.#..######..#...#... ....#..#
#..######### ....#..# #..........
....#..# #.######### ..#.#..# #.#
.# ..#....# #.# .#


You could see 2 gnolls.

Vanquished Creatures
  An adder (D:2)
  A dart slug (D:1)
  5 endoplasms
  2 giant cockroaches (D:1)
  3 goblins
  4 hobgoblins
  A quokka (D:2)
  4 ball pythons
  5 bats
  5 frilled lizards
  A kobold (D:2)
  2 rats
34 creatures vanquished.

Notes
Turn   | Place    | Note
-------+----------+-------------------------------------------
     0 | D:1      | pkoi the Demigod Ice Elementalist began the quest for the
                  | Orb.
     0 | D:1      | Reached XP level 1. HP: 14/14 MP: 5/5
   380 | D:1      | Reached skill level 4 in Ice Magic
   501 | D:1      | Reached XP level 2. HP: 20/20 MP: 4/7
   688 | D:1      | Found Tinladgh's Armour Shoppe.
  1957 | D:2      | Reached XP level 3. HP: 18/26 MP: 5/8
  2402 | D:1      | Learned a level 3 spell: Frozen Ramparts
  2405 | D:2      | Slain by a gnoll

Illustrated notes

Levels and vault maps discovered:
D:1:      ncdulo_watergridlock, layout_basic,
          ebering_ecumenical_altar_abandoned, serial_shops,
          nicolae_lakefront_shop, corner_web_ring
D:2:      minmay_angry_zag, layout_basic

Skill      XL: |  1 |
---------------+----+-----
Ice Magic      | 4 |  4.8
Dodging        | |  1.7
Stealth        | |  1.7
Spellcasting   | |  1.7

Action                   || total
-------------------------++-------
Melee: Unarmed           ||     1
       Whip              ||    33
 Cast: Freeze            ||    40
 Stab: Sleeping          ||     3
Armor: Robe              ||    15
Dodge: Dodged            ||    43
